 Dungeon Crawl Stone Soup version 0.26.0-10-g1f06aea511 (webtiles) character file.

Game seed: 7831902702216762166

31861 Borgoz the Carver (level 13, -1/114 HPs)
             Began as a Ghoul Gladiator on Jan 18, 2021.
             Slain by a seven-headed hydra (3 damage)
             ... on level 4 of the Lair of Beasts.
             The game lasted 00:26:41 (19147 turns).

Borgoz the Carver (Ghoul Gladiator)                Turns: 19147, Time: 00:26:41

Health: -1/114     AC: 22    Str: 24    XL:     13   Next: 60%
Magic:  0/12       EV: 21    Int:  3    God:
Gold:   2192       SH:  4    Dex: 20    Spells: 12/12 levels left

rFire    . . .     SeeInvis .   f - +2 scimitar
rCold    + . .     Faith    .   v - +0 buckler {AC+3}
rNeg     + + +     Spirit   +   o - +3 ring mail of Loney {Str+5}
rPois    ∞         Reflect  .   c - +0 helmet
rElec    .         Harm     .   z - +1 cloak {rCorr}
rCorr    +         Rampage  .   n - +2 pair of gloves
Will     .....                  x - +0 pair of boots
Stlth    +.........             y - amulet of guardian spirit
HPRegen  0.00/turn              l - +4 ring of evasion
MPRegen  0.13/turn              J - +6 ring of dexterity

@: about to teleport, slowed, very slow
A: claws 1, cold resistance 1, negative energy resistance 3, inhibited
regeneration, torment resistance, unbreathing
a: no special abilities


You were on level 4 of the Lair of Beasts.
You visited 3 branches of the dungeon, and saw 17 of its levels.
You also visited: Sewer and Volcano.

You collected 2192 gold pieces.

Inventory:

Hand Weapons
 b - a +0 great sword
 f - a +2 scimitar (weapon)
Missiles
 d - 2 throwing nets (quivered)
Armour
 c - a +0 helmet (worn)
 g - a +1 ring mail of cold resistance
 n - a +2 pair of gloves (worn)
 o - the +3 ring mail of Loney (worn) {Str+5}
   (You found it on level 10 of the Dungeon)

   It affects your strength (+5).
 s - a +2 chain mail of fire resistance
 v - a +0 buckler of protection (worn)
 x - a +0 pair of boots (worn)
 z - a +1 cloak of preservation (worn)
Jewellery
 h - an uncursed amulet of reflection
 l - a +4 ring of evasion (left hand)
 y - an amulet of guardian spirit (around neck)
 F - an uncursed ring of resist corrosion
 J - a +6 ring of dexterity (right hand)
Wands
 C - a wand of digging (10)
Scrolls
 i - 6 scrolls of enchant armour
 j - 8 scrolls of teleportation
 m - 9 scrolls of blinking
 u - a scroll of magic mapping
 A - 2 scrolls of remove curse
 D - 3 scrolls of fog
 G - 2 scrolls of fear
 H - a scroll of torment
Potions
 a - 2 potions of might
 e - 4 potions of magic
 k - 2 potions of resistance
 p - 3 potions of brilliance
 q - 4 potions of heal wounds
 t - 3 potions of haste
 E - 2 potions of flight


   Skills:
 + Level 10.4 Fighting
 * Level 12.4 Long Blades
 - Level 1.7 Throwing
 * Level 12.0 Armour
 + Level 9.1 Dodging


You had 12 spell levels left.
You didn't know any spells.
Your spell library contained the following spells:

 Spells                   Type           Power        Failure   Level
 Animate Skeleton         Necr           0%           82%         1
 Apportation              Tloc           0%           82%         1
 Corona                   Hex            0%           82%         1
 Summon Small Mammal      Summ           0%           82%         1
 Call Imp                 Summ           0%           91%         2
 Poisonous Vapours        Pois/Air       0%           91%         2
 Slow                     Hex            0%           91%         2
 Call Canine Familiar     Summ           0%           99%         3
 Conjure Flame            Conj/Fire      0%           99%         3
 Inner Flame              Hex/Fire       0%           99%         3
 Mephitic Cloud           Conj/Pois/Air  0%           99%         3
 Portal Projectile        Hex/Tloc       0%           99%         3
 Summon Guardian Golem    Hex/Summ       0%           99%         3
 Cause Fear               Hex            0%           100%        4
 Leda's Liquefaction      Hex/Erth       0%           100%        4
 Summon Ice Beast         Ice/Summ       0%           100%        4
 Summon Lightning Spire   Summ/Air       0%           100%        4
 Freezing Cloud           Conj/Ice/Air   0%           100%        6


Dungeon Overview and Level Annotations

Branches:
Dungeon (12/15)            Temple (1/1) D:7            Lair (4/6) D:10
 Shoals (0/4) Lair:3       Spider (0/4) Lair:4          Orc (0/2) D:12
  Sewer (visited)         Volcano (visited)

Altars:
Ashenzari
Cheibriados
Dithmenos
Elyvilon
Fedhas
Gozag
Hepliaklqana
Kikubaaqudgha
Makhleb
Nemelex Xobeh
Okawaru
Qazlal
Ru
Sif Muna
Trog
Uskayaw
Vehumet
Wu Jian
Xom
Yredelemnul
Zin
The Shining One

Shops:
D:6 (


Innate Abilities, Weirdness & Mutations

You thrive by killing the living.
You are immune to poison.
You have sharp fingernails.
Your flesh is cold resistant. (rC+)
You are immune to negative energy. (rN+++)
You do not regenerate when monsters are visible.
You are immune to unholy pain and torment.
You can survive without breathing.


Message History

The seven-headed hydra bites you but does no damage.
The seven-headed hydra closely misses you.
The seven-headed hydra bites you but does no damage.
You block the seven-headed hydra's attack.
The seven-headed hydra bites you.
* * * LOW HITPOINT WARNING * * *
The seven-headed hydra closely misses you. x2
You block the seven-headed hydra's attack.
The seven-headed hydra bites you!
* * * LOW HITPOINT WARNING * * *
The seven-headed hydra barely misses you.
As you read the scroll of teleportation, it crumbles to dust.
You feel strangely unstable.
The seven-headed hydra completely misses you.
The seven-headed hydra closely misses you.
The seven-headed hydra completely misses you.
The seven-headed hydra closely misses you.
You block the seven-headed hydra's attack.
The seven-headed hydra bites you.
You die...

##....... #.^.^.^^.^
###......# ####...^.>^^^
##P......# ##.##..^^.^^.^
..P.....## #.......^^....
.P...†...# #####....^..^.^^.
##.......# #P#........^.^^^.
###......####.............^..
# #####..##......w....#P....P
.# ###..#.†..@D....###<...
.P# #..........#...# .... ..#
##.÷.......#...... ... .##
#......#......#.# .
#.#.............P# .
..#................
..##.##...........# .... ..
#.......... ... ... .......


You could see a seven-headed hydra and a torpor snail.

Vanquished Creatures
  2 hydras
  A boulder beetle (D:12)
  Harold (D:7)
  An ogre mage (Volcano)
  8 two-headed ogres
  A hell knight (Volcano)
  An ugly thing (D:12)
  2 manticores
  3 cyclopes
  A black mamba (Lair:2)
  Maurice (D:8)
  2 gargoyles
  6 cane toads
  2 molten gargoyles (Volcano)
  2 torpor snails (Lair:3)
  5 komodo dragons
  A rime drake (Lair:3)
  A polar bear (Lair:1)
  10 blink frogs
  Grinder (D:5)
  A wind drake (Lair:3)
  4 dream sheep (Lair:3)
  A shadow (D:12)
  A vampire (D:12)
  Grum (D:10)
  A wyvern (D:9)
  17 yaks
  A fire bat (Volcano)
  2 basilisks
  2 steam dragons
  3 wargs (D:10)
  A soldier ant (D:12)
  3 water moccasins (Lair:1)
  A swamp drake (D:12)
  12 orc warriors
  2 black bears
  An ice beast (D:8)
  2 necrophages (D:10)
  2 phantoms
  6 wolves
  5 ogres
  9 centaurs
  4 big kobolds
  11 bullfrogs
  3 scorpions
  2 wyvern skeletons
  6 wights
  2 howler monkeys
  5 lava snakes (Volcano)
  A bullfrog zombie (D:5)
  5 quasits
  2 centaur zombies
  15 orc priests
  Crazy Yiuf (D:3)
  25 orc wizards
  2 bullfrog skeletons (D:4)
  2 hounds
  6 iguanas
  A jelly (D:5)
  Jessica (D:3)
  Natasha (thrice) (D:2)
  4 worker ants
  A hound zombie (D:5)
  A hound skeleton (D:3)
  7 gnolls
  A worker ant zombie (D:11)
  A howler monkey skeleton (D:6)
  18 adders
  7 river rats
  2 shadow imps (D:7)
  2 white imps
  2 ufetubi
  3 oozes
  2 adder zombies
  6 worms
  A dart slug (D:1)
  3 leopard geckos
  67 orcs
  8 giant cockroaches
  4 goblins
  7 hobgoblins
  12 jackals
  25 kobolds
  11 quokkas
  3 ball pythons
  4 bats
  2 frilled lizards
  2 jackal skeletons
  A quokka skeleton (D:4)
  27 rats
461 creatures vanquished.

Vanquished Creatures (others)
  An iguana (D:5)
  10 fungi
  13 plants
24 creatures vanquished.

Grand Total: 485 creatures vanquished

Notes
Turn   | Place    | Note
-------+----------+-------------------------------------------
     0 | D:1      | Borgoz the Ghoul Gladiator began the quest for the Orb.
     0 | D:1      | Reached XP level 1. HP: 17/17 MP: 0/0
     6 | D:1      | Noticed a polar bear
     6 | D:1      | Noticed a wyvern
     6 | D:1      | Noticed a killer bee
     7 | D:1      | Noticed a swamp worm
     7 | D:1      | Noticed a snapping turtle
    75 | D:1      | Reached XP level 2. HP: 22/24 MP: 1/1
   385 | D:1      | Reached skill level 1 in Armour
   633 | D:1      | Reached XP level 3. HP: 30/30 MP: 2/2
   888 | D:2      | Noticed an ogre
   898 | D:2      | Killed an ogre
   899 | D:2      | Reached XP level 4. HP: 27/38 MP: 3/3
  1041 | D:2      | Reached XP level 5. HP: 45/45 MP: 4/4
  1115 | D:2      | Noticed Natasha
  1117 | D:2      | Killed Natasha
  1335 | D:2      | Noticed Natasha
  1340 | D:2      | Killed Natasha
  1570 | D:2      | Noticed Natasha
  1580 | D:2      | Killed Natasha
  1581 | D:2      | Reached XP level 6. HP: 35/51 MP: 5/5
  2049 | D:3      | Found a glowing drain.
  2214 | Sewer    | Entered a sewer
  2530 | Sewer    | Reached XP level 7. HP: 54/58 MP: 6/6
  3040 | D:3      | Found a runed translucent door.
  3041 | D:3      | Noticed Crazy Yiuf
  3534 | D:3      | Noticed Jessica
  3547 | D:3      | Killed Jessica
  3858 | D:3      | Killed Crazy Yiuf
  4016 | D:4      | Reached skill level 5 in Long Blades
  4863 | D:4      | Reached XP level 8. HP: 58/67 MP: 5/7
  5200 | D:5      | Entered Level 5 of the Dungeon
  5400 | D:5      | Reached skill level 5 in Armour
  5673 | D:5      | Reached skill level 5 in Fighting
  5951 | D:5      | Noticed Grinder
  5959 | D:5      | Paralysed by Grinder for 7 turns
  5984 | D:5      | Killed Grinder
  6450 | D:6      | Found a broken altar of Ashenzari.
  6458 | D:6      | Reached XP level 9. HP: 74/74 MP: 8/8
  6697 | D:6      | Reached skill level 5 in Dodging
  6735 | D:6      | Found a blossoming altar of Fedhas.
  6738 | D:6      | Found an ancient bone altar of Kikubaaqudgha.
  6975 | D:6      | Found Wynunys's Antique Weapon Boutique.
  8524 | D:7      | Found a shimmering blue altar of Sif Muna.
  8650 | D:7      | Found a staircase to the Ecumenical Temple.
  8653 | D:7      | Noticed Harold
  8675 | D:7      | Killed Harold
  8676 | D:7      | Reached XP level 10. HP: 19/84 MP: 2/9
  8763 | Temple   | Entered the Ecumenical Temple
  9277 | D:8      | Noticed Maurice
  9287 | D:8      | Killed Maurice
  9720 | D:8      | Found a radiant altar of Vehumet.
  9720 | D:8      | Found a shadowy altar of Dithmenos.
  9723 | D:8      | Found a broken altar of Ashenzari.
  9777 | D:8      | Found a white marble altar of Elyvilon.
  9778 | D:8      | Found a sparkling altar of Nemelex Xobeh.
  9778 | D:8      | Found a basalt altar of Yredelemnul.
  9778 | D:8      | Found a sacrificial altar of Ru.
  9779 | D:8      | Found an ornate altar of the Wu Jian Council.
  9780 | D:8      | Found a hide-covered altar of Uskayaw.
  9781 | D:8      | Found a hazy altar of Hepliaklqana.
  9782 | D:8      | Found an iron altar of Okawaru.
 11148 | D:10     | Entered Level 10 of the Dungeon
 11323 | D:10     | Noticed Grum
 11329 | D:10     | Killed Grum
 11605 | D:10     | Found a staircase to the Lair.
 11650 | D:10     | Reached XP level 11. HP: 41/92 MP: 1/10
 11853 | D:10     | Got an ancient ring mail
 11864 | D:10     | Identified the +3 ring mail of Loney {Str+5} (You found it
                  | on level 10 of the Dungeon)
 12089 | D:11     | Noticed a two-headed ogre
 12109 | D:11     | Killed a two-headed ogre
 12414 | D:11     | Noticed a cyclops
 12423 | D:11     | Killed a cyclops
 12679 | D:11     | Noticed a cyclops
 12695 | D:11     | Killed a cyclops
 13452 | D:12     | Noticed a two-headed ogre
 13452 | D:12     | Noticed a brown ugly thing
 13474 | D:12     | Killed a brown ugly thing
 13475 | D:12     | Killed a two-headed ogre
 13476 | D:12     | Reached skill level 10 in Long Blades
 13485 | D:12     | Noticed a boulder beetle
 13555 | D:12     | Noticed a cyclops
 13567 | D:12     | Killed a cyclops
 13753 | D:12     | Killed a boulder beetle
 14037 | D:12     | Identified a scroll of acquirement
 14042 | D:12     | Acquired 906 gold pieces
 14060 | D:12     | Noticed a manticore
 14083 | D:12     | Killed a manticore
 14089 | D:12     | Reached skill level 10 in Armour
 14217 | D:12     | Noticed a two-headed ogre
 14227 | D:12     | Killed a two-headed ogre
 14228 | D:12     | Reached XP level 12. HP: 96/103 MP: 9/11
 14616 | D:12     | Noticed a two-headed ogre
 14630 | D:12     | Killed a two-headed ogre
 14665 | D:12     | Found a staircase to the Orcish Mines.
 14841 | Lair:1   | Entered Level 1 of the Lair of Beasts
 15149 | Lair:1   | Found a dark tunnel.
 15233 | Lair:1   | Noticed a five-headed hydra
 15250 | Volcano  | Entered a volcano
 15662 | Volcano  | Found a burning altar of Makhleb.
 15662 | Volcano  | Noticed a two-headed ogre
 15662 | Volcano  | Noticed a two-headed ogre
 15662 | Volcano  | Noticed an ogre mage
 15662 | Volcano  | Noticed a two-headed ogre
 15670 | Volcano  | Killed a two-headed ogre
 15675 | Volcano  | Killed a two-headed ogre
 15680 | Volcano  | Killed a two-headed ogre
 15687 | Volcano  | Killed an ogre mage
 15696 | Volcano  | Noticed a two-headed ogre
 15703 | Volcano  | Killed a two-headed ogre
 16398 | Lair:1   | Reached XP level 13. HP: 104/113 MP: 9/12
 17346 | Lair:2   | Reached skill level 10 in Fighting
 18348 | Lair:3   | Found a staircase to the Shoals.
 19121 | Lair:4   | Found a hole to the Spider Nest.
 19145 | Lair:4   | HP: 2/114 [seven-headed hydra (5)]
 19147 | Lair:4   | Slain by a seven-headed hydra

Illustrated notes

Levels and vault maps discovered:
D:1:      onia_arrival_zoo_common, layout_basic, lemuel_old_faithful
D:2:      layout_loops_ring, grunt_ministairs_2, chequers_arboretum,
          minmay_misc_feat_iff, minivault_14, uniq_natasha
D:3:      minmay_inner_zag, layout_basic, portal_sewer_entry_b,
          nrook_mini_vaults, kennysheep_jessica_study, uniq_crazy_yiuf_cottage
D:4:      layout_basic
D:5:      layout_gridville, lemuel_flamethrower_2, uniq_grinder
D:6:      layout_cave_pods, grunt_temple_overflow_growth_and_decay,
          serial_shops, shop_fountains, basic_altar, kennysheep_generic_room_14
D:7:      kennysheep_orc_sif_temple, layout_basic,
          minmay_temple_entry_offerings, grunt_decor_cap, uniq_harold
D:8:      layout_loops_corners, minitemple, uniq_maurice
D:9:      layout_loops_ring, dk_rats_in_the_wall
D:10:     layout_basic, erik_lair_orcish_takeover, uniq_grum
D:11:     layout_basic, chequers_garden
D:12:     layout_roguey, erik_orc_1, special_room [special_room_orc]
Temple:   dpeg_three_leaves_temple
Lair:1:   layout_roguey, nicolae_volcano_entry_hallway, grunt_megastairs_2
Lair:2:   layout_regular_city, grunt_megastairs_1, infiniplex_staircase_pool_2
Lair:3:   layout_concentric_octagons, minmay_shoals_entry_beasts
Lair:4:   layout_misc_corridors, spider_nest_entry_web_field,
          ebering_ghost_inner_flame

Skill      XL: |  1  2  3  4  5  6  7  8  9 10 11 12 13 |
---------------+----------------------------------------+-----
Long Blades    | 3 4 5 6 7 9 10 11 12 | 12.4
Armour         | 1 2 3 4 5 7 8 10 11 12 | 12.0
Fighting       | 3 4 5 6 7 8 9 10 | 10.4
Dodging        | 3 4 5 6 7 8 9 |  9.1
Throwing       | |  1.7

Action                   |  1- 3 |  4- 6 |  7- 9 | 10-12 | 13-15 || total
-------------------------+-------+-------+-------+-------+-------++-------
Melee: Long sword        |    62 |   184 |   602 |   592 |       ||  1440
       Scimitar          |       |       |       |   304 |   269 ||   573
Throw: Throwing net      |     2 |       |     4 |     2 |     1 ||     9
Evoke: Wand              |       |       |       |    22 |    16 ||    38
  Use: Scroll            |       |     6 |    14 |    12 |     5 ||    37
       Potion            |       |       |     5 |    10 |     2 ||    17
 Stab: Held in net/web   |     1 |       |       |       |     4 ||     5
       Distracted        |       |       |       |     1 |       ||     1
Armor: Leather armour    |    32 |    12 |       |       |       ||    44
       Ring mail         |       |    62 |   318 |   240 |   106 ||   726
Dodge: Dodged            |    62 |   172 |   516 |   656 |   341 ||  1747
Block: Buckler           |       |       |    73 |   146 |    81 ||   300
       Rpst.: Long sword |    25 |    52 |   163 |   115 |       ||   355
       Scimitar          |       |       |       |    62 |    89 ||   151
